 Dungeon Crawl Stone Soup version 0.30.1-9-gdf580d7c3d (webtiles) character file.

Game seed: 8264893049120728172

56 Psyclone the Conjurer (level 3, 0/19 HPs)
             Began as a Deep Elf Conjurer on Sept 29, 2023.
             Slain by a phantom (2 damage)
             ... on level 4 of the Dungeon.
             The game lasted 00:02:11 (1633 turns).

Psyclone the Conjurer (Deep Elf Conjurer)           Turns: 1633, Time: 00:02:11

Health: 0/19       AC:  2    Str:  2 (4)  XL:     3   Next: 71%
Magic:  2/11       EV: 12    Int: 23 (24) God:
Gold:   68         SH:  0    Dex: 13      Spells: 8/11 levels left

rFire   . . .        (no weapon)
rCold   . . .        (no shield)
rNeg    . . .        a - +0 robe
rPois   .            (no helmet)
rElec   .            (no cloak)
rCorr   .            (no gloves)
SInv    .            (no boots)
Will    .....        (no amulet)
Stlth   ++           (no ring)
HPRegen 0.23/turn    (no ring)
MPRegen 0.12/turn

%: no passive effects
@: no status effects
A: no striking features
a: no special abilities


You were on level 4 of the Dungeon.
You visited 1 branch of the dungeon, and saw 3 of its levels.

You collected 68 gold pieces.

Inventory:

Missiles
 h - a throwing net {!f}
Armour
 a - a +0 robe (worn)
Scrolls
 c - a scroll of immolation {unknown}
 g - a scroll of teleportation
 i - a scroll of fear {unknown}
Potions
 b - a potion of magic
 d - a potion of curing
 e - a potion of haste {unknown}
 f - a potion of attraction


   Skills:
 - Level 2.4 Dodging
 - Level 2.4 Stealth
 + Level 4.5 Spellcasting
 + Level 5.2 Conjurations


You had 8 spell levels left.
You knew the following spells:

 Your Spells              Type           Power      Damage    Failure   Level
a - Magic Dart            Conj           100%       1d8       1%          1
b - Searing Ray           Conj           58%        2d6       1%          2

Your spell library contained the following spells:

 Spells                   Type           Power      Damage    Failure   Level
 Dazzling Flash           Conj/Hex       34%        N/A       10%         3
 Fulminant Prism          Conj/Hex       8%         3d7       32%         4
 Iskenderun's Mystic Bla  Conj/Tloc      17%        2d5       32%         4


Dungeon Overview and Level Annotations

Branches:
Dungeon (2/15) Zot: 16364

Altars:


Message History

The magic dart hits the phantom.
The phantom is heavily damaged.
The phantom hits you.
You take 4 damage, and have 9/19 hp.
MASSIVE DAMAGE!!
You now have 5/11 mp.
Casting: Magic Dart (safe; 1% risk of failure)
Confirm with . or Enter, or press ? or * to list all spells.
Aiming: Magic Dart (safe; 1% risk of failure)
Press: ? - help, Shift-Dir - straight line, f/p - phantom
Aim: a phantom (moderately damaged, 100% to hit)
The magic dart hits the phantom but does no damage.
The phantom is moderately damaged.
The phantom hits you.
The phantom blinks!
You blink.
You take 2 damage, and have 7/19 hp.
You now have 4/11 mp.
Casting: Magic Dart (safe; 1% risk of failure)
Confirm with . or Enter, or press ? or * to list all spells.
Aiming: Magic Dart (safe; 1% risk of failure)
Press: ? - help, Shift-Dir - straight line, f/p - phantom
Aim: a phantom (moderately damaged, 100% to hit)
The magic dart hits the phantom.
The phantom is heavily damaged.
The phantom hits you.
You take 1 damage, and have 6/19 hp.
Casting: Magic Dart (safe; 1% risk of failure)
Confirm with . or Enter, or press ? or * to list all spells.
Aiming: Magic Dart (safe; 1% risk of failure)
Press: ? - help, Shift-Dir - straight line, f/p - phantom
Aim: a phantom (heavily damaged, 100% to hit)
The magic dart hits the phantom but does no damage.
The phantom is heavily damaged.
The phantom hits you.
* * * LOW HITPOINT WARNING * * *
Casting: Magic Dart (safe; 1% risk of failure)
Confirm with . or Enter, or press ? or * to list all spells.
Aiming: Magic Dart (safe; 1% risk of failure)
Press: ? - help, Shift-Dir - straight line, f/p - phantom
Aim: a phantom (heavily damaged, 100% to hit)
The magic dart hits the phantom.
The phantom is severely damaged.
The phantom hits you.
You die...

##............##
###$......ยง.......
#.................
#............##
#....##.....##
#####.......##
##..#....(.......
#...W.#....[#....
#...@....###....
#.#........# ...
###.......## #.
##.....## ##...##
#.## ##


You could see a phantom.

Vanquished Creatures
  2 adders (D:2)
  2 bats (D:2)
  6 endoplasms
  A giant cockroach (D:2)
  5 goblins
  3 hobgoblins (D:1)
  2 quokkas (D:1)
  5 ball pythons (D:1)
  2 frilled lizards (D:1)
  4 kobolds
  4 rats
36 creatures vanquished.

Notes
Turn   | Place    | Note
-------+----------+-------------------------------------------
     0 | D:1      | Psyclone the Deep Elf Conjurer began the quest for the Orb.
     0 | D:1      | Reached XP level 1. HP: 10/10 MP: 6/6
   264 | D:1      | Reached XP level 2. HP: 15/15 MP: 5/8
   397 | D:1      | Learned a level 2 spell: Searing Ray
   416 | D:1      | Noticed a great orb of eyes
   418 | D:1      | Found a faded altar of an unknown god.
   420 | D:1      | Noticed a shining eye
   425 | D:1      | Noticed a golden eye
   430 | D:1      | Noticed a great orb of eyes
  1271 | D:2      | Reached skill level 5 in Conjurations
  1271 | D:2      | Reached XP level 3. HP: 19/19 MP: 5/10
  1616 | D:2      | You fall into a shaft and drop 2 floors!
  1617 | D:4      | Noticed a phantom
  1633 | D:4      | Slain by a phantom

Illustrated notes

Levels and vault maps discovered:
D:1:      dpeg_arrival_three_bigger_balls, layout_basic,
          hellmonk_ecumenical_altar_watching_god, serial_bayou_pond_b,
          chequers_serial_rivers_micro_c
D:2:      layout_rooms
D:4:      layout_cave_pools, xom_redecorated, uniq_robin, uniq_ijyb, uniq_pikel,
          uniq_duvessa

Skill      XL: |  1  2 |
---------------+-------+-----
Spellcasting   | 4 |  4.5
Conjurations   | 5 |  5.2
Dodging        | |  2.4
Stealth        | |  2.4

Action                     || total
---------------------------++-------
   Cast: Magic Dart        ||    74
    Use: Potion            ||     3
         Scroll            ||     2
 Armour: Robe              ||     3
  Dodge: Dodged            ||     6
